 Dungeon Crawl Stone Soup version 0.18.1-6-gd335043 (webtiles) character file.

60 Guinours the Skirmisher (level 3, -3/30 HPs)
             Began as a Demonspawn Abyssal Knight on May 17, 2016.
             Was a Believer of Lugonu.
             Slain by a worm (6 damage)
             ... on level 2 of the Dungeon.
             The game lasted 00:06:04 (1327 turns).

Guinours the Skirmisher (Demonspawn Abyssal Knight) Turns: 1327, Time: 00:06:05

Health: -3/30      AC:  3    Str: 13    XL:     3   Next: 82%
Magic:  4/4        EV: 11    Int: 13    God:    Lugonu [**....]
Gold:   21         SH:  0    Dex: 12    Spells: 0 memorised, 2 levels left

rFire  . . .     SeeInvis .     a - +1 spear
rCold  . . .     Gourm    .     b - +0 leather armour
rNeg   . . .     Faith    .     (no shield)
rPois  .         Spirit   .     (no helmet)
rElec  .         Dismiss  .     (no cloak)
rCorr  .         Reflect  .     (no gloves)
SustAt .         Harm     .     (no boots)
MR     .....                    (no amulet)
Stlth  +.........               (no ring)
                                (no ring)

@: not resistant to hostile enchantments, very unstealthy
A: demonic guardian 1, powered by death 1
a: Depart the Abyss, Bend Space, Renounce Religion


You were on level 2 of the Dungeon.
You worshipped Lugonu.
Lugonu was pleased with you.
You were hungry.

You visited 1 branch of the dungeon, and saw 2 of its levels.
You visited the Abyss 1 time.

You collected 21 gold pieces.

Inventory:

Hand Weapons
 a - a +1 spear (weapon)
Armour
 b - a +0 leather armour (worn)
Jewellery
 m - an uncursed amulet of guardian spirit {unknown}
Scrolls
 e - a scroll of random uselessness {unknown}
 g - 3 scrolls of identify {unknown}
 k - a scroll of enchant armour {unknown}
Potions
 f - a potion of might {unknown}
 h - a potion of flight {unknown}
 j - a potion of curing {unknown}
Comestibles
 c - a bread ration
 d - a meat ration
 i - a slice of pizza
 l - 2 chunks of flesh


   Skills:
 + Level 3.9 Fighting
 + Level 2.1 Polearms
 + Level 2.1 Armour
 + Level 1.6 Dodging
 + Level 0.2 Stealth
 - Level 2.4 Invocations


You had 2 spell levels left.
You didn't know any spells.

Dungeon Overview and Level Annotations

Branches:
Dungeon (2/15)

Altars:
Makhleb
Sif Muna
Vehumet


Innate Abilities, Weirdness & Mutations

A weak demonic guardian rushes to your aid.
You regenerate a little health from kills.


Message History

The worm is heavily wounded.
The kobold closely misses you. The hobgoblin completely misses you.
You barely miss the worm.
The worm is heavily wounded.
The kobold hits you. The worm bites you.
* * * LOW HITPOINT WARNING * * *
The hobgoblin hits you.
* * * LOW HITPOINT WARNING * * *
You hit the worm but do no damage.
The worm is moderately wounded.
The kobold barely misses you. The hobgoblin closely misses you.
The worm barely misses you.
You hit the worm.
The worm is moderately wounded.
The kobold barely misses you. The hobgoblin closely misses you.
You are feeling hungry.
You hit the worm.
The worm is heavily wounded.
The kobold misses you. The worm bites you.
You die...

#.# #.##.# #. #.#
#.##.. #. #.# #.##..
#. #.# #.##.. #. #.#
#.##.. #.#######.#
#.##.# #.#((.....#
#.##.#
######.#.#######
#.##.. ......w@K#
#...## #####..#g.....#
#....#
.....##..)..######...#
...._..
...............
#....._
.....######..##
....... .....# ##...
._..8.. .....# ###.
....... ###### #. #.


You could see a worm, a hobgoblin and a kobold.

Vanquished Creatures
  2 adders (D:2)
  A worm (D:2)
  3 dart slugs
  4 giant geckos
  2 giant cockroaches (D:1)
  2 goblins
  6 hobgoblins
  3 kobolds
  3 bats
  3 giant newts (D:2)
  A rat (D:1)
30 creatures vanquished.

Notes
Turn   | Place    | Note
--------------------------------------------------------------
     0 | Abyss:1  | Guinours the Demonspawn Abyssal Knight began the quest for the Orb.
     0 | Abyss:1  | Reached XP level 1. HP: 18/18 MP: 2/2
     8 | D:1      | Escaped the Abyss
   212 | D:1      | Reached skill level 1 in Dodging
   218 | D:1      | Gained mutation: A weak demonic guardian rushes to your aid. [demonic ancestry]
   218 | D:1      | Reached XP level 2. HP: 22/24 MP: 3/3
  1100 | D:2      | Gained mutation: You regenerate a little health from kills. [demonic ancestry]
  1100 | D:2      | Reached XP level 3. HP: 29/30 MP: 4/4
  1138 | D:2      | Reached ** piety under Lugonu
  1302 | D:2      | Found a radiant altar of Vehumet.
  1305 | D:2      | Found a deep blue altar of Sif Muna.
  1313 | D:2      | Found a burning altar of Makhleb.
  1327 | D:2      | Slain by a worm

Skill      XL: |  1  2  3 |
---------------+----------+-----
Armour         | 2 |  2.1
Dodging        | 1 |  1.6
Polearms       | 2 |  2.1
Fighting       | |  3.9
Stealth        | |  0.2
Invocations    | |  2.4

Action                   || total
-------------------------++-------
Melee: Spear             ||   140
 Stab: Sleeping          ||     1
  Eat: Chunk             ||     1
Armor: Leather armour    ||    30
Dodge: Dodged            ||    87
